AoeStats
← EvenEdge

Black Forest

510390426Analyzed
4v4 RM · 1d ago on Sep 30, 2026· 85m 15s· 8 players
Game mode
Random Map
Map size
Large (8 player)
Population
200
Speed
Normal
Resources
Standard
Victory
Conquest
Starting age
Dark Age
Ending age
Imperial Age
RankedLock teamsTeams togetherTeam positionsShared explorationLock speedFull tech treeHidden civsTurbo modeCheats
Victory
Defeat
🇩🇪 Khmer · Germany
1116
+16
🇫🇷 Bulgarians · France
1105
+16
🇨🇦 Saxons · Canada
1100
+16
🇮🇹 Huns · Italy
1098
+16
🇹🇼 Persians · Taiwan
1125
-17
🇦🇷 Mongols · Argentina
1118
-16
🇺🇸 Ethiopians · United States
1110
-16
🇺🇸 Khmer · United States
1079
-15
LANGLIGELANG
12:53 Feudal Age
17:04 Double-Bit Axe
21:11 Castle Age
19:28 Horse Collar
23:28 Wheelbarrow
23:09 Bow Saw
23:45 Fishing Lines
23:58 Loom
26:36 Heavy Plow
26:32 Gold Mining
26:32 Stone Mining
31:44 Imperial Age
30:08 Scale Barding Armor
30:14 Forging
29:55 Fletching
30:05 Padded Archer Armor
30:30 Hand Cart
30:01 Town Watch
31:55 Marauders
32:55 Bloodlines
32:48 Husbandry
32:18 Elite Tarkan
33:19 Conscription
33:36 Thumb Ring
34:36 Caravan
34:59 Ballistics
35:40 Chemistry
35:09 Chain Barding Armor
35:25 Iron Casting
34:46 Bodkin Arrow
34:16 Light Cavalry
37:21 Plate Barding Armor
38:12 Blast Furnace
36:44 Pikeman
37:25 Squires
40:09 Hussar
42:41 Halberdier
44:33 Bracer
44:34 Scale Mail Armor
57:17 Elite Skirmisher
61:50 Capped Ram
64:14 Leather Archer Armor
64:15 Chain Mail Armor
65:10 Siege Ram
youtube.com/@Murkwilect
4:56 Loom
11:06 Feudal Age
12:41 Double-Bit Axe
12:59 Horse Collar
16:27 Castle Age
15:08 Horse Collar
16:53 Wheelbarrow
17:21 Bow Saw
24:35 Gold Mining
28:40 Fletching
30:20 Hand Cart
32:52 Imperial Age
30:57 Fletching
31:19 Bodkin Arrow
33:18 Ballistics
32:50 Guard Tower
32:55 Murder Holes
33:18 Fortified Wall
33:46 Bracer
33:57 Forging
33:47 Scale Mail Armor
34:51 Chemistry
34:07 Masonry
34:31 Conscription
33:34 Shield Wall
35:40 Iron Casting
35:20 Chain Mail Armor
36:18 Keep
35:29 Arrowslits
35:34 Treadmill Crane
37:50 Two-Man Saw
37:29 Gold Shaft Mining
36:45 Stone Mining
37:00 Heavy Plow
38:54 Architecture
38:41 Fortified Wall
38:15 Treadmill Crane
39:18 Elite Varangian Guard
39:58 Squires
39:44 Gambesons
39:47 Arson
39:22 Pikeman
40:34 Plate Mail Armor
40:05 Padded Archer Armor
41:03 Halberdier
42:07 Leather Archer Armor
43:21 Heavy Mounted Crossbowman
43:22 Cranequins
44:07 Thumb Ring
44:34 Ring Archer Armor
44:14 Siege Engineers
46:01 Elite Hearth Troop
46:03 Clerical Recruitment
47:21 Hoardings
49:08 Guilds
49:00 Caravan
51:41 Bloodlines
51:32 Husbandry
54:47 Onager
joueur1andre
2:01 Loom
11:22 Feudal Age
16:19 Castle Age
14:16 Horse Collar
14:24 Double-Bit Axe
17:00 Wheelbarrow
17:44 Bow Saw
17:38 Heavy Plow
24:22 Hand Cart
24:33 Stone Mining
26:53 Stone Shaft Mining
27:11 Gold Mining
32:37 Imperial Age
29:58 Town Watch
30:32 Squires
30:17 Gambesons
30:19 Arson
30:46 Forging
30:37 Scale Mail Armor
29:58 Pikeman
30:30 Fletching
31:53 Iron Casting
31:45 Masonry
32:26 Caravan
33:20 Bagains
33:41 Conscription
33:39 Chain Mail Armor
34:25 Blast Furnace
34:29 Chemistry
32:54 Capped Ram
34:13 Crop Rotation
33:57 Siege Engineers
35:16 Plate Mail Armor
34:13 Siege Ram
35:22 Bodkin Arrow
35:59 Architecture
35:50 Ballistics
36:39 Halberdier
37:43 Bracer
37:37 Onager
39:14 Town Patrol
39:05 Siege Onager
42:23 Gold Shaft Mining
41:44 Heavy Scorpion
3nt0N
0:47 Loom
12:57 Feudal Age
17:52 Castle Age
15:48 Horse Collar
17:05 Double-Bit Axe
18:47 Bow Saw
26:18 Caravan
27:48 Wheelbarrow
31:24 Imperial Age
30:30 Hand Cart
30:01 Town Watch
31:59 Town Patrol
33:41 Conscription
33:24 Double Crossbow
34:12 Ballistics
33:43 Heated Shot
34:33 Heavy Scorpion
35:31 Heavy Plow
37:10 Bloodlines
37:01 Husbandry
36:25 Elite Battle Elephant
37:35 Tusk Swords
38:52 Chemistry
38:05 Fortified Wall
38:07 Masonry
38:56 Scale Barding Armor
38:42 Fletching
39:05 Forging
39:55 Capped Ram
41:38 Medium Warships
43:22 Architecture
43:33 Heavy Warships
44:29 Bodkin Arrow
45:11 Iron Casting
44:38 Padded Archer Armor
44:59 Chain Barding Armor
45:01 Careening
47:41 Bracer
50:05 Light Cavalry
55:17 Elite Ballista Elephant
60:27 Blast Furnace
59:42 Leather Archer Armor
59:29 Scale Mail Armor
60:05 Plate Barding Armor
60:00 Parthian Tactics
62:26 Coinage
62:31 Ring Archer Armor
62:17 Chain Mail Armor
68:24 Banking
EvenEdge
10:44 Feudal Age
14:58 Castle Age
13:35 Double-Bit Axe
13:39 Horse Collar
16:14 Heavy Plow
21:09 Wheelbarrow
24:02 Gold Mining
24:38 Hand Cart
28:42 Gold Shaft Mining
28:21 Bow Saw
31:25 Imperial Age
30:07 Husbandry
30:18 Bloodlines
29:28 Light Cavalry
31:08 Forging
31:03 Scale Barding Armor
33:34 Iron Casting
33:32 Chain Barding Armor
36:21 Crop Rotation
36:31 Double Crossbow
37:32 Elite Battle Elephant
37:46 Heavy Scorpion
40:32 Chemistry
39:43 Siege Engineers
40:46 Blast Furnace
40:21 Plate Barding Armor
42:30 Conscription
42:11 Tusk Swords
46:13 Hussar
50:33 Capped Ram
51:24 Siege Ram
56:41 Elite Battle Elephant
ShardMuggleFirst
1:28 Loom
11:42 Feudal Age
12:43 Double-Bit Axe
17:03 Castle Age
15:24 Horse Collar
18:03 Bow Saw
17:37 Fishing Lines
25:07 Gillnets
27:31 Gold Mining
28:11 Town Watch
29:02 Wheelbarrow
28:45 Heavy Plow
32:08 Imperial Age
30:39 Stone Mining
31:40 Squires
32:15 Fletching
32:26 Scale Mail Armor
32:36 Forging
32:27 Padded Archer Armor
33:32 Bodkin Arrow
33:53 Chain Mail Armor
33:07 Halberdier
33:19 Capped Ram
34:35 Hand Cart
33:51 Crossbowman
35:09 Iron Casting
35:00 Ballistics
35:41 Chemistry
34:52 Fortified Wall
34:40 Murder Holes
35:15 Arbalester
36:00 Thumb Ring
36:00 Bracer
37:32 Two-Man Saw
36:45 Masonry
37:59 Leather Archer Armor
37:53 Siege Engineers
37:58 Masonry
38:24 Arson
38:33 Siege Ram
39:57 Caravan
41:17 Coinage
40:57 Guilds
42:08 Onager
47:53 Siege Onager
49:33 Ring Archer Armor
49:34 Plate Mail Armor
50:12 Blast Furnace
51:15 Architecture
55:04 Banking
56:59 Torsion Engines
57:00 Royal Heirs
57:20 Conscription
56:22 Elite Shotel Warrior
64:51 Scale Barding Armor
82:43 Man-at-Arms
83:29 Long Swordsman
OAO
0:27 Loom
11:33 Feudal Age
13:19 Double-Bit Axe
16:23 Castle Age
15:33 Horse Collar
17:29 Bow Saw
18:00 Wheelbarrow
29:16 Gold Mining
29:18 Stone Mining
30:09 Hand Cart
29:42 Fishing Lines
32:48 Imperial Age
31:02 Gold Shaft Mining
30:51 Caravan
31:26 Heavy Plow
32:39 Scale Barding Armor
32:44 Forging
33:28 Bloodlines
33:19 Husbandry
33:47 Chain Barding Armor
34:01 Coinage
33:16 Cavalier
34:30 Conscription
34:30 Citadels
34:38 Savar
37:49 Iron Casting
38:31 Plate Barding Armor
39:30 Blast Furnace
41:03 Chemistry
40:24 Ballistics
39:57 Fletching
43:38 Bodkin Arrow
56:43 Light Cavalry
57:19 Hussar
58:01 Kamandaran
59:03 Crossbowman
60:11 Thumb Ring
60:20 Padded Archer Armor
60:26 Gillnets
61:36 Leather Archer Armor
63:57 Ring Archer Armor
63:29 Scale Mail Armor
[TacT] Chinoguidi
2:25 Loom
10:47 Feudal Age
16:42 Castle Age
15:33 Double-Bit Axe
17:05 Stone Mining
18:08 Bow Saw
22:35 Horse Collar
23:38 Wheelbarrow
30:08 Imperial Age
28:40 Heavy Plow
28:42 Gold Mining
29:30 Stone Shaft Mining
29:03 Fletching
30:02 Gold Shaft Mining
30:14 Bodkin Arrow
30:52 Hand Cart
31:34 Bloodlines
31:25 Husbandry
31:29 Bracer
31:43 Padded Archer Armor
32:19 Conscription
31:53 Town Watch
32:22 Thumb Ring
32:45 Elite Mangudai
34:16 Ballistics
34:56 Chemistry
37:27 Leather Archer Armor
38:33 Masonry
43:41 Caravan
50:28 Scale Barding Armor
50:35 Forging
52:03 Hoardings
53:01 Capped Ram
54:35 Siege Ram
58:48 Iron Casting
57:38 Light Cavalry
63:20 Blast Furnace
65:34 Onager
67:15 Siege Onager
70:44 Coinage
71:24 Nomads
74:11 Chain Barding Armor
73:18 Hussar
Connection lost

Rejoining the realm…

Still unreachable

The connection could not be restored.

Session expired

The server has moved on; the page needs a fresh start.